Map: Central Protocol

Players

Miszu - Winner!

  • Race: Terran Terran
  • League: Master

llllllllllll

  • Race: Zerg Zerg
  • League: Master

VOD

Have the link to the VOD?

Description

Time

  • Played on: March 18, 2016, 2:11 p.m.
  • Length: 10:01
Show
View Real Time Build Order
Export as new Build Order

Miszu Terran - Winner!

Build Orders: Liberator Opening, Reaper Expand, MMM Bio 

Get SALT Encoding   

  12  0:00  SCV  
  13  0:13  SCV  
  14  0:18  Supply Depot  
  14  0:25  SCV  
  15  0:40  SCV  
  15  0:41  Barracks  
  16  0:44  Refinery  
  16  0:52  SCV  
  17  1:04  SCV  
  18  1:16  SCV  
  19  1:28  Orbital Command  
  19  1:29  Reaper  
  20  1:43  Command Center  
  20  1:53  Supply Depot  
  20  1:54  SCV  
  20  1:57  Refinery  
  21  2:02  Barracks Reactor  
  21  2:06  SCV  
  22  2:18  SCV  
  23  2:30  Factory, SCV  
  24  2:38  Marine  
  24  2:39  Marine  
  24  2:43  SCV  
  27  2:55  SCV  
  27  2:56  Marine x2, Orbital Command  
  30  3:00  Bunker  
  30  3:07  SCV  
  31  3:14  Marine x2  
  31  3:19  SCV  
  34  3:23  Starport, Factory Tech Lab  
  34  3:25  SCV  
  35  3:31  SCV  
  35  3:37  SCV  
  35  3:39  Supply Depot  
  35  3:40  Marine x2  
  38  3:43  SCV  
  38  3:46  Siege Tank  
  42  3:49  SCV  
  42  3:53  Supply Depot  
  42  3:55  Liberator, SCV  
  44  3:58  Marine x2  
  44  4:01  SCV  
  47  4:07  SCV  
  48  4:13  SCV  
  52  4:18  Siege Tank  
  52  4:19  SCV  
  52  4:22  Supply Depot  
  56  4:25  SCV  
  57  4:31  SCV  
  57  4:33  Command Center  
  57  4:38  SCV  
  59  4:42  Barracks x2  
  59  4:43  Liberator  
  59  4:44  SCV  
  60  4:46  Refinery  
  60  4:49  Supply Depot  
  60  4:50  Refinery, SCV  
  60  4:52  Marine  
  62  4:56  SCV  
  63  5:02  SCV  
  63  5:04  Siege Tank  
  70  5:11  SCV  
  70  5:13  Supply Depot  
  72  5:14  SCV  
  72  5:23  SCV  
  72  5:25  Engineering Bay  
  72  5:26  Engineering Bay, SCV  
  72  5:28  Marine  
  74  5:29  Barracks Tech Lab x2  
  76  5:35  SCV  
  76  5:38  SCV  
  77  5:43  Marine  
  77  5:47  SCV  
  77  5:48  Orbital Command  
  79  5:51  Marine x2, Stimpack  
  79  5:52  Combat Shields  
  79  5:53  Barracks  
  79  5:54  Barracks  
  81  5:58  SCV  
  81  6:00  SCV  
  81  6:02  Marine  
  81  6:03  Supply Depot x2  
  84  6:05  Marine  
  84  6:10  Starport Reactor, SCV  
  86  6:12  Marine x2  
  88  6:20  Marine  
  88  6:21  Siege Tank  
  88  6:23  Marine  
  93  6:28  SCV x2  
  93  6:30  Marine x2  
  93  6:32  Supply Depot x2  
  98  6:38  Marine  
  98  6:43  Marine x2  
  98  6:44  Marine  
  98  6:46  Missile Turret  
  98  6:47  Terran Infantry Weapons Level 1, Terran Infantry Armor Level 1, Marine  
  98  6:48  Marine  
  98  6:53  Medivac  
  98  6:54  Medivac  
  104  6:55  Marine  
  104  6:56  Supply Depot x2  
  102  7:01  Marine, Orbital Command  
  102  7:03  Barracks Reactor x2  
  103  7:10  Missile Turret  
  103  7:11  Marine, Missile Turret, Marauder, Armory  
  103  7:13  Marine  
  107  7:21  SCV  
  107  7:22  SCV  
  108  7:29  SCV, Missile Turret  
  109  7:34  SCV x2  
  109  7:35  Medivac x2  
  115  7:41  Refinery x2, SCV  
  115  7:42  Marauder  
  115  7:43  Concussive Shells  
  118  7:46  SCV  
  118  7:50  Marauder  
  121  7:52  SCV  
  121  7:53  SCV  
  121  7:58  SCV  
  124  8:01  Thor, Terran Vehicle Weapons Level 1  
  124  8:03  Marine x5, Marauder  
  137  8:06  Bunker  
  137  8:09  Supply Depot x2  
  137  8:13  Supply Depot, Marine  
  137  8:14  Medivac x2  
  137  8:17  Marauder  
  144  8:21  Marine x2  
  144  8:23  SCV  
  144  8:24  Marauder  
  149  8:30  Marine x3  
  149  8:31  Marine  
  153  8:38  Marine, Marauder  
  153  8:39  Marine  
  157  8:42  Supply Depot, Command Center  
  157  8:44  Supply Depot  
  157  8:46  Marauder  
  157  8:48  Marine x2  
  161  8:53  Marine  
  161  8:54  Marine  
  163  8:56  Marine x2  
  163  8:59  Medivac x2  
  163  9:00  Marauder  
  171  9:05  Marine  
  172  9:18  Marine x2, Marauder  
  172  9:19  Marine x3  
  172  9:20  Marine  
  172  9:23  Marine  
  174  9:36  Marine x5  
  174  9:38  Marine  
  174  9:39  Marine  
  174  9:41  Marine  
Show
View Real Time Build Order
Export as new Build Order

llllllllllll Zerg 

Build Orders: Hatch First 

Get SALT Encoding   

  12  0:01  Drone  
  13  0:12  Overlord  
  13  0:17  Drone  
  14  0:30  Drone x2  
  16  0:38  Drone  
  17  0:53  Hatchery  
  17  0:56  Drone  
  17  0:58  Drone  
  17  1:02  Extractor  
  17  1:14  Spawning Pool  
  16  1:18  Drone  
  16  1:23  Drone  
  18  1:29  Drone  
  19  1:40  Drone  
  20  1:49  Drone  
  21  2:05  Queen x2  
  21  2:06  Metabolic Boost  
  21  2:08  Zergling x4  
  27  2:13  Zergling x2  
  27  2:32  Overlord  
  27  2:35  Drone  
  27  2:57  Hatchery  
  26  3:02  Drone x6  
  32  3:17  Overlord  
  32  3:18  Drone x3  
  35  3:22  Extractor  
  35  3:24  Extractor  
  35  3:26  Extractor, Queen  
  36  3:38  Overlord x3  
  36  3:58  Drone x9  
  45  4:09  Lair  
  45  4:12  Spore Crawler  
  44  4:18  Drone x7  
  51  4:28  Queen  
  51  4:29  Baneling Nest  
  52  4:34  Queen  
  54  4:43  Drone x2  
  54  4:45  Drone x3  
  59  4:52  Drone  
  60  4:54  Overlord, Drone  
  60  4:55  Overlord  
  60  4:58  Zergling x8  
  65  5:11  Spire  
  64  5:20  Extractor  
  63  5:21  Extractor  
  62  5:34  Drone  
  62  5:35  Drone x4  
  65  5:36  Drone x3  
  65  5:37  Drone  
  65  5:42  Overlord x2  
  71  5:48  Hatchery  
  69  5:52  Drone x3  
  69  5:53  Extractor, Drone x5  
  69  5:54  Drone x2  
  69  5:55  Drone  
  69  5:56  Baneling x3  
  79  6:02  Zergling x2  
  79  6:03  Zergling x10  
  85  6:09  Overlord x3  
  82  6:22  Baneling x4  
  82  6:30  Queen, Overseer  
  82  6:31  Mutalisk x3  
  80  6:36  Mutalisk  
  63  6:49  Drone x7  
  70  7:04  Drone x5  
  74  7:22  Drone x4  
  78  7:23  Drone x4  
  78  7:25  Drone x2  
  78  7:26  Drone  
  78  7:28  Drone  
  85  7:34  Drone  
  85  7:35  Mutalisk x2  
  90  7:52  Mutalisk x4  
  90  7:53  Mutalisk x2  
  90  7:57  Queen  
  104  8:00  Drone  
  104  8:01  Extractor, Drone x3  
  107  8:10  Hatchery  
  106  8:22  Drone x4  
  108  8:28  Mutalisk x6  
  120  8:35  Evolution Chamber  
  120  8:36  Drone x2, Evolution Chamber  
  120  8:47  Mutalisk  
  120  8:48  Mutalisk x3  
  128  8:53  Overlord  
  128  8:54  Overlord x3  
  127  8:57  Overseer  
  127  8:59  Baneling x4  
  127  9:12  Zergling x8  
  127  9:13  Zergling x16  
  136  9:28  Zergling x16  
  136  9:29  Zergling x6  
  133  9:43  Zergling x6  
  133  9:44  Zergling x18  
Tags
 
Add a new tag
Caveats
  • Supply blocks, unpowered buildings, or Contaminate may cause inaccurate times.
  • Supply counts are checked every 10 seconds.